 Dungeon Crawl Stone Soup version 0.23.2 (webtiles) character file.

Game seed: 3555262179996942018

5012 Borgoz the Cutter (level 10, -2/61 HPs)
             Began as a Gargoyle Fighter on Apr 2, 2019.
             Was an Initiate of Ashenzari.
             Slain by Harold
             ... wielding a +2 glaive of venom
              (6 damage)
             ... on level 8 of the Dungeon.
             The game lasted 00:17:45 (8283 turns).

Borgoz the Cutter (Gargoyle Fighter)                Turns: 8283, Time: 00:17:47

Health: -2/61      AC: 17    Str: 23    XL:     10   Next: 54%
Magic:  13/13      EV: 19    Int:  9    God:    Ashenzari [......]
Gold:   74         SH:  0    Dex: 17    Spells: 12/13 levels left

rFire    + . .     SeeInvis .   r - +2 short sword (venom)
rCold    . . .     Gourm    .   (no shield)
rNeg     + . .     Faith    .   b - +0 scale mail
rPois    ∞         Spirit   .   (no helmet)
rElec    +         Reflect  .   g - +0 cloak (curse)
rCorr    .         Harm     .   (no gloves)
MR       .....                  t - +0 pair of boots (curse)
Stlth    +++.......             (no amulet)
HPRegen  0.20/turn              G - +3 ring of strength
MPRegen  0.13/turn              h - ring of protection from fire

@: agile, marked, hasted, very quick
A: negative energy resistance 1, electricity resistance, unbreathing,
petrification resistance, rot immunity, AC +7
a: Curse Item, Renounce Religion


You were on level 8 of the Dungeon.
You worshipped Ashenzari.
Ashenzari was noncommittal.
You were not hungry.

You visited 2 branches of the dungeon, and saw 9 of its levels.

You collected 314 gold pieces.
You spent 240 gold pieces at shops.

Inventory:

Hand Weapons
 a - a +0 rapier
 q - a +1 dagger of chaos
 r - a +2 short sword of venom (weapon)
Missiles
 u - 2 tomahawks (quivered)
Armour
 b - a +0 scale mail (worn)
 c - a +0 shield
 g - a cursed +0 cloak (worn)
 t - a cursed +0 pair of boots (worn)
 K - the cursed +0 plate armour of True Grit {rElec MP+9 Dex+3}
   (You found it on level 7 of the Dungeon)

   It affects your dexterity (+3).
   It insulates you from electricity.
   It affects your magic capacity (+9).
   It has a curse placed upon it.
Jewellery
 e - an uncursed ring of protection from cold
 h - a ring of protection from fire (right hand)
 l - an uncursed ring of protection from cold
 A - an uncursed amulet of faith
 G - a +3 ring of strength (left hand)
 H - an uncursed ring of fire
Wands
 p - a wand of iceblast (5)
 z - a wand of flame (23)
Scrolls
 i - a scroll of remove curse
 j - 2 scrolls of amnesia {unknown}
 k - 2 scrolls of fear {unknown}
 m - 2 scrolls of fog {unknown}
 o - 4 scrolls of teleportation
 v - a scroll of enchant weapon {unknown}
 x - a scroll of magic mapping {unknown}
 y - a scroll of enchant armour {unknown}
 F - a scroll of immolation {unknown}
Potions
 n - 2 potions of flight
 s - 5 potions of curing
 w - a potion of magic
 B - a potion of invisibility
 C - a potion of agility
Comestibles
 d - 3 chunks of flesh
 f - 11 rations


   Skills:
 + Level 6.9 Fighting
 * Level 7.2 Short Blades
 + Level 6.8 Armour
 * Level 6.3 Dodging
 + Level 6.4 Stealth
 - Level 3.2 Shields
 + Level 2.2 Spellcasting
 + Level 2.2 Hexes
 + Level 2.1 Evocations


You had 12 spell levels left.
You knew the following spells:

 Your Spells              Type           Power        Failure   Level  Hunger
a - Confusing Touch       Hex            #.....       28%         1    ##.....

Your spell library contained the following spells:

 Spells                   Type           Power        Failure   Level  Hunger
 Animate Skeleton         Necr           N/A          58%         1    ##.....
 Apportation              Tloc           #.....       58%         1    ##.....
 Summon Small Mammal      Summ           #...         58%         1    ##.....


Dungeon Overview and Level Annotations

Branches:
Dungeon (8/15)             Temple (1/1) D:6
   Lair: D:8-11

Altars:
Ashenzari
Cheibriados
Dithmenos
Elyvilon
Fedhas
Gozag
Hepliaklqana
Kikubaaqudgha
Makhleb
Nemelex Xobeh
Okawaru
Qazlal
Ru
Sif Muna
Trog
Uskayaw
Vehumet
Wu Jian
Xom
Yredelemnul
Zin
The Shining One

Shops:
D:4 (   D:6 :**(

Annotations:
D:8 Harold


Innate Abilities, Weirdness & Mutations

You are resistant to torment.
Your stone body is resilient. (AC +7)
You are immune to poison.
You resist negative energy. (rN+)
You are resistant to electric shocks. (rElec)
You can survive without breathing.
You are immune to petrification.
You are immune to rotting.


Message History

Harold barely misses you.
You hit Harold.
Harold looks as sick as possible!
Harold is moderately wounded.
You hit Harold but do no damage.
Harold is moderately wounded.
Harold hits you with a +2 glaive of venom.
You hit Harold.
Harold looks as sick as possible!
Harold is moderately wounded.
You barely miss Harold.
Harold is moderately wounded.
Harold hits you with a +2 glaive of venom!!
* * * LOW HITPOINT WARNING * * *
You feel better. Harold barely misses you.
You feel agile all of a sudden.
You feel yourself speed up.
Harold hits you with a +2 glaive of venom!!
* * * LOW HITPOINT WARNING * * *
Harold says, "Bounty hunting has been great, but I can't wait to retire."
Harold hits you from afar with a +2 glaive of venom.
You die...

#...#
#...(..#.#
####
##.....#.#
#.....#.#
#.....#.#
##.####.#
#. #.# #.#
#.# #@#
#.# #@#
#r# ..#
./.. ##..#
#..# ##.#


You could see Harold and a quokka.

Vanquished Creatures
  Pikel (D:5)
  A troll (D:7)
  A hornet (D:8)
  2 hippogriffs (D:7)
  Sigmund (D:3)
  Eustachio (D:5)
  Menkaure (D:7)
  A water moccasin (D:7)
  Duvessa (D:5)
  2 ice beasts (D:6)
  2 sky beasts (D:7)
  2 slaves (D:5)
  A phantom (D:4)
  5 ogres
  A centaur (D:8)
  3 big kobolds
  A bullfrog (D:6)
  A wyvern zombie (D:8)
  Dowan (D:5)
  3 scorpions
  3 wights (D:6)
  7 howler monkeys
  A centaur zombie (D:5)
  9 crimson imps
  4 hounds
  An orc priest (D:4)
  A quasit (D:7)
  A centaur skeleton (D:8)
  A gnoll shaman (D:7)
  6 orc wizards
  A bullfrog skeleton (D:7)
  5 iguanas
  Ijyb (D:3)
  5 worker ants
  3 gnolls (D:7)
  15 adders
  2 shadow imps
  An ooze (D:1)
  An adder skeleton (D:8)
  2 worms (D:4)
  A dart slug (D:3)
  8 leopard geckos
  30 orcs
  3 ball pythons
  6 bats
  5 giant cockroaches
  7 goblins
  8 hobgoblins
  13 jackals
  32 kobolds
  6 quokkas
  7 frilled lizards
  4 rats
  4 plants (D:7)
236 creatures vanquished.

Vanquished Creatures (others)
  A giant cockroach (D:5)
  A plant (D:7)
2 creatures vanquished.

Grand Total: 238 creatures vanquished

Notes
Turn   | Place    | Note
-------+----------+-------------------------------------------
     0 | D:1      | Borgoz the Gargoyle Fighter began the quest for the Orb.
     0 | D:1      | Reached XP level 1. HP: 14/14 MP: 1/1
   171 | D:1      | Reached skill level 2 in Short Blades
   264 | D:1      | Reached XP level 2. HP: 19/19 MP: 2/2
   818 | D:1      | Reached skill level 1 in Stealth
   818 | D:1      | Reached XP level 3. HP: 19/23 MP: 3/3
   963 | D:2      | Reached skill level 1 in Dodging
  1225 | D:2      | Reached XP level 4. HP: 26/28 MP: 4/4
  1590 | D:3      | Noticed Sigmund
  1617 | D:3      | Killed Sigmund
  1617 | D:3      | Reached skill level 3 in Short Blades
  1617 | D:3      | Reached XP level 5. HP: 16/33 MP: 5/5
  1617 | D:3      | Reached XP level 6. HP: 18/38 MP: 6/6
  1842 | D:3      | Found a shimmering altar of Xom.
  2223 | D:3      | Reached XP level 7. HP: 42/44 MP: 7/7
  2249 | D:3      | Noticed Ijyb
  2268 | D:3      | Killed Ijyb
  2320 | D:3      | Reached skill level 4 in Short Blades
  2416 | D:3      | Found a bloodstained altar of Trog.
  2418 | D:3      | Found a snail-covered altar of Cheibriados.
  2419 | D:3      | Found a glowing golden altar of the Shining One.
  2419 | D:3      | Found a sacrificial altar of Ru.
  2927 | D:4      | Found Doezairr's Antique Weapon Shop.
  3414 | D:4      | Reached XP level 8. HP: 42/48 MP: 8/8
  3503 | D:4      | Reached skill level 5 in Fighting
  3769 | D:5      | Entered Level 5 of the Dungeon
  3861 | D:5      | Noticed Pikel
  3903 | D:5      | Killed Pikel
  3903 | D:5      | Reached skill level 5 in Short Blades
  3903 | D:5      | Reached skill level 5 in Armour
  4159 | D:5      | Reached XP level 9. HP: 46/55 MP: 9/9
  4493 | D:5      | Noticed Duvessa
  4493 | D:5      | Noticed Dowan
  4509 | D:5      | Killed Duvessa
  4509 | D:5      | Reached skill level 5 in Dodging
  4510 | D:5      | Killed Dowan
  4510 | D:5      | Reached skill level 5 in Stealth
  4690 | D:5      | Noticed Eustachio
  4704 | D:5      | Reached skill level 6 in Short Blades
  4828 | D:5      | Killed Eustachio
  5132 | D:6      | Found a white marble altar of Elyvilon.
  5210 | D:6      | Found Loffaewi's Assorted Antiques.
  5224 | D:6      | Found Xich's General Store.
  5258 | D:6      | Found Lyrghoyrch's Book Boutique.
  5261 | D:6      | Bought a book of Cantrips for 240 gold pieces
  5263 | D:6      | Learned a level 1 spell: Confusing Touch
  5633 | D:6      | Reached skill level 1 in Hexes
  5649 | D:6      | Found a staircase to the Ecumenical Temple.
  5683 | D:6      | Found Ungoixun's Antique Weapon Boutique.
  5701 | Temple   | Entered the Ecumenical Temple
  6097 | D:7      | Reached skill level 1 in Spellcasting
  6215 | D:7      | Reached skill level 1 in Evocations
  6563 | D:7      | Reached XP level 10. HP: 61/61 MP: 12/12
  6614 | D:7      | Found an ornate altar of the Wu Jian Council.
  6614 | D:7      | Found a shattered altar of Ashenzari.
  6616 | D:7      | Found a sparkling altar of Nemelex Xobeh.
  6617 | D:7      | Found a radiant altar of Vehumet.
  6622 | D:7      | Became a worshipper of Ashenzari the Shackled
  6644 | D:7      | Got the cursed plate armour of True Grit {rElec MP+9 Dex+3}
  6947 | D:7      | Noticed Menkaure
  7250 | D:7      | Killed Menkaure
  7657 | D:7      | Reached skill level 7 in Short Blades
  8259 | D:8      | Noticed Harold
  8283 | D:8      | Slain by Harold

Skill      XL: |  1  2  3  4  5  6  7  8  9 10 |
---------------+-------------------------------+-----
Short Blades   | 2 3 4 5 6 7 |  7.2
Stealth        | 1 2 3 4 5 6 |  6.4
Dodging        | 1 2 3 4 5 6 |  6.3
Fighting       | 4 5 6 |  6.9
Armour         | 4 5 6 |  6.8
Hexes          | 1 2 |  2.2
Spellcasting   | 1 2 |  2.2
Evocations     | 1 2 |  2.1
Shields        | |  3.2

Action                   |  1- 3 |  4- 6 |  7- 9 | 10-12 || total
-------------------------+-------+-------+-------+-------++-------
Melee: Rapier            |   148 |   208 |    94 |       ||   450
       Short sword       |       |       |   461 |   306 ||   767
Evoke: Wand              |       |       |     4 |     1 ||     5
  Use: Potion            |       |     6 |       |     6 ||    12
       Scroll            |       |     2 |     2 |     5 ||     9
 Stab: Sleeping          |       |       |       |     1 ||     1
  Eat: Chunk             |     1 |     4 |    14 |     6 ||    25
Armor: Scale mail        |    92 |   103 |   315 |   131 ||   641
       Skin              |       |     6 |       |       ||     6
Dodge: Dodged            |    99 |   126 |   338 |   189 ||   752
